 Dungeon Crawl Stone Soup version 0.20.1-1-g8b1a95d (webtiles) character file.

25 raph the Magician (level 3, -1/25 HPs)
             Began as a Human Wizard on Dec 17, 2017.
             Slain by a goblin
             ... wielding a +0 club
              (3 damage)
             ... on level 1 of the Dungeon.
             The game lasted 00:03:55 (1458 turns).

raph the Magician (Human Wizard)                    Turns: 1458, Time: 00:03:56

Health: -1/25      AC:  2    Str:  7    XL:     3   Next: 20%
Magic:  0/7        EV: 12    Int: 19    God:
Gold:   54         SH:  0    Dex: 11    Spells: 0/8 levels left

rFire    . . .     SeeInvis .   h - +0 short sword
rCold    . . .     Gourm    .   (no shield)
rNeg     . . .     Faith    .   a - +0 robe
rPois    .         Spirit   .   b - +0 hat
rElec    .         Reflect  .   (no cloak)
rCorr    .         Harm     .   (no gloves)
MR       .....                  (no boots)
Stlth    ++........             (no amulet)
Regen    0.1/turn               (no ring)
MPRegen  0.1/turn               (no ring)

@: very slightly contaminated
A: no striking features
a: no special abilities


You were on level 1 of the Dungeon.
You were hungry.

You visited 1 branch of the dungeon, and saw 2 of its levels.

You collected 54 gold pieces.

Inventory:

Hand Weapons
 h - a +0 short sword (weapon)
Missiles
 m - 6 stones (quivered)
Armour
 a - a +0 robe (worn)
 b - a +0 hat (worn)
Scrolls
 i - a scroll of remove curse {unknown}
 j - 3 scrolls of identify {unknown}
 o - a scroll of magic mapping {unknown}
Potions
 e - a potion of agility {unknown}
 g - a potion of degeneration {unknown}
 k - 3 potions of brilliance {unknown}
 l - a potion of haste {unknown}
 q - a potion of cancellation {unknown}
Books
 c - a book of Minor Magic

   Spells                             Type                      Level
   a - Magic Dart                     Conjuration                  1
   b - Blink                          Translocation                2
   c - Call Imp                       Summoning                    2
   d - Slow                           Hexes                        2
   e - Conjure Flame                  Conjuration/Fire             3
   f - Mephitic Cloud                 Conjuration/Poison/Air       3
Comestibles
 d - a bread ration
 f - 5 fruits
 n - a meat ration
 p - a chunk of flesh


   Skills:
 + Level 0.6 Fighting
 + Level 2.3 Dodging
 + Level 2.4 Stealth
 + Level 3.2 Spellcasting
 * Level 1.5 Conjurations
 - Level 1.0 Summonings
 - Level 1.0 Translocations


You couldn't memorise any spells.
You knew the following spells:

 Your Spells              Type           Power        Failure   Level  Hunger
a - Magic Dart            Conj           #...         9%          1    None
b - Call Imp              Summ           #.......     16%         2    ##.....
c - Blink                 Tloc           N/A          16%         2    ##.....
d - Mephitic Cloud        Conj/Pois/Air  #.......     36%         3    ###....


Dungeon Overview and Level Annotations

Branches:
Dungeon (2/15)

Altars:

Annotations:
D:2 Sigmund


Message History

You are feeling hungry.
Found a fuming clear potion.
You barely miss the goblin.
The goblin is heavily wounded.
The goblin barely misses you.
Your magical contamination has completely faded away.
Found 2 javelins.
There is a stone staircase leading up here.
The goblin closely misses you.
You climb upwards.
There is a stone staircase leading down here.
Casting: Magic Dart
Confirm with . or Enter, or press ? or * to list all spells.
Aiming: Magic Dart
Press: ? - help, Shift-Dir - straight line, f - goblin
Aim: a goblin, wielding a club (heavily wounded)
You miscast Magic Dart.
You are very lightly contaminated with residual magic.
Sparks fly from your hands! The goblin hits you with a club.
You die...

#......######### #.#
#.####.........# #..
#.#####.######.# #.# .).....#.#
#.# #.# #.#####.## #.# ######.#
..# #.# #)# #......# ### #.# #.#
#.####.# # #.# #.######## #.# #.#
# #.# #..@g....# #.# #.# #
###.#############.####.####.# ##
##.....##....................#
.###..###......########.##.......
......# #....### #.#........
......###.#### #..........
..###.....# #.......... .##
###.### ##......... ..# #.#
##........


You could see a goblin.

Vanquished Creatures
  An ooze (D:1)
  A dart slug (D:1)
  3 bats (D:1)
  2 goblins (D:1)
  2 hobgoblins (D:1)
  A quokka (D:2)
  3 frilled lizards (D:1)
  4 kobolds (D:1)
  3 rats (D:1)
20 creatures vanquished.

Notes
Turn   | Place    | Note
-------+----------+-------------------------------------------
     0 | D:1      | raph the Human Wizard began the quest for the Orb.
     0 | D:1      | Reached XP level 1. HP: 13/13 MP: 4/4
   206 | D:1      | Reached XP level 2. HP: 12/19 MP: 0/6
   325 | D:1      | Learned a level 2 spell: Call Imp
   328 | D:1      | Learned a level 2 spell: Blink
   940 | D:1      | Reached XP level 3. HP: 24/24 MP: 2/7
  1075 | D:1      | Learned a level 3 spell: Mephitic Cloud
  1266 | D:2      | Noticed Sigmund
  1448 | D:2      | HP: 1/25 [goblin/club (4)]
  1458 | D:1      | Slain by a goblin

Action                   || total
-------------------------++-------
Melee: Unarmed           ||     3
       Short sword       ||    13
Throw: Stone             ||     1
 Cast: Magic Dart        ||    61
 Stab: Sleeping          ||     1
  Eat: Chunk             ||     1
Armor: Robe              ||     5
Dodge: Dodged            ||    22
